 Dungeon Crawl Stone Soup version 0.28-a0-511-gcc94558de3 (webtiles) character file.

Game seed: 12684585126394671404

161 siradein the Chopper (level 5, -3/41 HPs)
             Began as a Ghoul Gladiator on Sept 22, 2021.
             Killed from afar by Ijyb (4 damage)
             ... with a puff of flame
             ... on level 3 of the Dungeon.
             The game lasted 00:05:32 (1757 turns).

siradein the Chopper (Ghoul Gladiator)              Turns: 1757, Time: 00:05:32

Health: -3/41      AC:  7    Str: 25    XL:     5   Next: 42%
Magic:  4/4        EV: 11    Int:  3    God:
Gold:   150        SH:  0    Dex: 10    Spells: 4/4 levels left

rFire   . . .      SeeInvis +   a - +0 war axe
rCold   + . .      Faith    .   (no shield)
rNeg    + + +      Spirit   .   o - +0 ring mail
rPois   ∞          Reflect  .   c - +0 helmet
rElec   .          Harm     .   n - +0 cloak
rCorr   .          Rampage  .   (no gloves)
Will    .....                   (no boots)
Stlth   ..........              (no amulet)
HPRegen 0.00/turn               m - ring of see invisible
MPRegen 0.09/turn               q - +6 ring of strength

@: inhibited regen
A: claws 1, cold resistance 1, negative energy resistance 3, inhibited
regeneration, torment resistance 2
a: no special abilities


You were on level 3 of the Dungeon.
You visited 1 branch of the dungeon, and saw 3 of its levels.

You collected 150 gold pieces.

Inventory:

Hand Weapons
 a - a +0 war axe (weapon)
 k - a +1 vorpal hunting sling
Missiles
 d - 3 throwing nets (quivered)
 l - 18 stones
Armour
 c - a +0 helmet (worn)
 n - a +0 cloak (worn)
 o - a +0 ring mail (worn)
Jewellery
 m - a ring of see invisible (left claw)
 q - a +6 ring of strength (right claw)
Scrolls
 f - a scroll of brand weapon {unknown}
 j - 4 scrolls of identify {unknown}
 p - a scroll of teleportation {unknown}
 s - a scroll of amnesia {unknown}
 t - a scroll of enchant armour {unknown}
Potions
 b - a potion of attraction {unknown}
 e - a potion of berserk rage {unknown}
 g - 3 potions of haste {unknown}
 h - 2 potions of heal wounds {unknown}
 i - a potion of ambrosia {unknown}
 r - 3 potions of might {unknown}


   Skills:
 - Level 2.1 Fighting
 + Level 5.4 Axes
 - Level 1.7 Throwing
 - Level 2.6 Dodging


You had 4 spell levels left.
You didn't know any spells.
Your spell library was empty.

Dungeon Overview and Level Annotations

Branches:
Dungeon (3/15)

Altars:
Trog
Wu Jian

Annotations:
D:3 Ijyb


Innate Abilities, Weirdness & Mutations

You thrive by killing the living.
You are immune to poison.
You have sharp fingernails.
Your flesh is cold resistant. (rC+)
You are immune to negative energy. (rN+++)
You do not regenerate when monsters are visible.
You are immune to unholy pain and torment.


Message History

You hit Ijyb.
Ijyb is lightly wounded.
Ijyb barely misses you.
You hit Ijyb.
Ijyb is lightly wounded.
Ijyb hits you with a +2 spectral club!
You hit Ijyb.
Ijyb is moderately wounded.
You hit the worm but do no damage. Ijyb closely misses you. The worm bites you.
Ijyb hits you with a +2 spectral club.
You barely miss Ijyb.
Ijyb is moderately wounded.
You hit the worm. Ijyb hits you with a +2 spectral club.
The worm barely misses you.
You closely miss Ijyb.
Ijyb is moderately wounded.
You barely miss the worm. Ijyb completely misses you.
You barely miss Ijyb.
Ijyb is moderately wounded.
You hit the worm but do no damage.
Ijyb zaps a wand.
The puff of flame misses you. The worm bites you but does no damage.
You closely miss Ijyb.
Ijyb is moderately wounded.
You completely miss the worm. Ijyb hits you but does no damage.
The worm bites you! Ijyb closely misses you.
You are too injured to fight recklessly!
You are too injured to fight recklessly!
You closely miss Ijyb.
Ijyb is moderately wounded.
You slash the worm!
Ijyb zaps a wand.
The puff of flame hits you.
* * * LOW HITPOINT WARNING * * *
A ball python comes into view.
Ijyb screams, "Die!"
The ball python hisses angrily.
Ijyb zaps a wand.
The puff of flame hits you but does no damage.
Ijyb zaps a wand.
The puff of flame hits you!
* * * LOW HITPOINT WARNING * * *
Ijyb zaps a wand.
The puff of flame hits you.
You die...

#.# ((.. ... #.#
...[ #.# #.# (..
#.# #.# #..
##.###.# #..
#...##.# #..
#...##.#
...##..#####...##.#
...........w..@<..#
.........g......).#
.########.).......#
##.#...####
#......# #S.....#
......## .......#
....#


You could see Ijyb and a worm.

Vanquished Creatures
  Jessica (D:2)
  Natasha (D:3)
  4 adders (D:2)
  A worm (D:2)
  A dart slug (D:2)
  7 ball pythons
  6 endoplasms
  4 giant cockroaches
  4 goblins
  7 hobgoblins
  8 jackals
  3 kobolds
  5 quokkas
  3 bats (D:1)
  A frilled lizard (D:3)
  9 rats
65 creatures vanquished.

Vanquished Creatures (others)
  2 fungi (D:1)
2 creatures vanquished.

Grand Total: 67 creatures vanquished

Notes
Turn   | Place    | Note
-------+----------+-------------------------------------------
     0 | D:1      | siradein the Ghoul Gladiator began the quest for the Orb.
     0 | D:1      | Reached XP level 1. HP: 17/17 MP: 0/0
   199 | D:1      | Reached skill level 3 in Axes
   331 | D:1      | Reached XP level 2. HP: 24/24 MP: 1/1
   492 | D:1      | Reached XP level 3. HP: 29/29 MP: 2/2
   590 | D:1      | Reached skill level 4 in Axes
   831 | D:2      | Reached XP level 4. HP: 36/36 MP: 3/3
  1286 | D:2      | Found an ornate altar of the Wu Jian Council.
  1300 | D:2      | Noticed Jessica
  1310 | D:2      | Killed Jessica
  1311 | D:2      | Reached skill level 5 in Axes
  1311 | D:2      | Reached XP level 5. HP: 28/41 MP: 4/4
  1406 | D:2      | Found a faded altar of an unknown god.
  1659 | D:3      | Found a bloodstained altar of Trog.
  1710 | D:3      | Noticed Natasha
  1716 | D:3      | Killed Natasha
  1731 | D:3      | Noticed Ijyb
  1756 | D:3      | HP: 1/41 [Ijyb/puff of flame (9)]
  1757 | D:3      | Killed from afar by Ijyb

Illustrated notes

Levels and vault maps discovered:
D:1:      dpeg_chamrin_arrival_tetris, layout_basic, chequers_decorated_corner,
          st_stairs_6, minmay_shallow_snake_nest
D:2:      layout_rooms, shapermc_ecumenical_altar_notcrosses, basic_altar,
          minmay_randomly_rotated_circles, uniq_jessica
D:3:      layout_loops_ring, mainiacjoe_overflow_concentric_impassable,
          lemuel_tele_altar, overflow_temple_1_default, hangedman_decor_growths,
          uniq_grinder, uniq_natasha, uniq_robin, uniq_ijyb

Skill      XL: |  1  2  3  4 |
---------------+-------------+-----
Axes           | 3 4 5 |  5.4
Fighting       | |  2.1
Throwing       | |  1.7
Dodging        | |  2.6

Action                   |  1- 3 |  4- 6 || total
-------------------------+-------+-------++-------
Melee: War axe           |   103 |    65 ||   168
 Fire: Hunting sling     |       |     8 ||     8
Armor: Leather armour    |    32 |       ||    32
       Ring mail         |       |    34 ||    34
Dodge: Dodged            |    87 |    33 ||   120

Table legend: (Time is in decaauts)
 A = Elapsed time spent in this place.
 B = Non-inter-level travel time spent in this place.
 C = Inter-level travel time spent in this place.
 D = Time resting spent in this place.
 E = Time spent auto-exploring this place.
 F = Levels seen in this place.
 G = Mean time per level.
                   A        B        C        D        E       F      G
               +--------+--------+--------+--------+--------+-----+--------+
         Total |   1803 |   1745 |     58 |      0 |   1281 |   3 |  601.0 |
       Dungeon |   1803 |   1745 |     58 |      0 |   1281 |   3 |  601.0 |
               +--------+--------+--------+--------+--------+-----+--------+

Top non-repeatable levels by time:
     D:2: 859 daAuts
     D:1: 839 daAuts
     D:3: 105 daAuts
